 Dungeon Crawl Stone Soup version 0.19.0 (webtiles) character file.

106 Danakh the Skirmisher (level 4, -1/41 HPs)
             Began as a Minotaur Fighter on Nov 5, 2016.
             Slain by Sigmund
             ... wielding a +0 scythe
              (8 damage)
             ... on level 2 of the Dungeon.
             The game lasted 00:02:37 (1236 turns).

Danakh the Skirmisher (Minotaur Fighter)            Turns: 1236, Time: 00:02:37

Health: -1/41      AC:  7    Str: 22    XL:     4   Next: 55%
Magic:  3/3        EV:  7    Int:  5    God:
Gold:   115        SH:  9    Dex:  9    Spells: 0 memorised, 3 levels left

rFire  . . .     SeeInvis .     a - +0 war axe
rCold  . . .     Gourm    .     b - +0 scale mail
rNeg   . . .     Faith    .     c - +0 shield
rPois  .         Spirit   .     (helmet restricted)
rElec  .         Reflect  .     (no cloak)
rCorr  .         Harm     .     (no gloves)
MR     .....                    (no boots)
Stlth  ..........               (no amulet)
                                (no ring)
                                (no ring)

@: no status effects
A: retaliatory headbutt, horns 2
a: no special abilities


You were on level 2 of the Dungeon.
You were very hungry.

You visited 1 branch of the dungeon, and saw 2 of its levels.

You collected 115 gold pieces.

Inventory:

Hand Weapons
 a - a +0 war axe (weapon)
Armour
 b - a +0 scale mail (worn)
 c - a +0 shield (worn)
Scrolls
 e - a scroll of fear {unknown}
 i - a scroll of magic mapping {unknown}
 j - a scroll of blinking {unknown}
 k - a scroll of teleportation {unknown}
 l - a scroll of identify {unknown}
Potions
 d - a potion of might
 g - 2 potions of berserk rage {unknown}
 h - 2 potions of lignification {unknown}
Comestibles
 f - 2 bread rations


   Skills:
 + Level 4.4 Fighting
 * Level 3.8 Axes
 + Level 4.4 Armour
 + Level 4.3 Shields


You had 3 spell levels left.
You didn't know any spells.

Dungeon Overview and Level Annotations

Branches:
Dungeon (2/15)

Altars:
Nemelex Xobeh
Trog

Annotations:
D:2 Sigmund


Innate Abilities, Weirdness & Mutations

You reflexively headbutt those who attack you in melee.
You have a pair of horns on your head.


Message History

Your shield prevents you from hitting the hobgoblin.
You block the hobgoblin's attack. Something hits you but does no damage.
You barely miss the hobgoblin. The hobgoblin closely misses you.
Something hits you. You block the hobgoblin's attack. Something hits you.
You block the hobgoblin's attack.
You miss something. You closely miss the hobgoblin.
The hobgoblin hits you with a club. Something hits you but does no damage.
You miss something. You hit the hobgoblin. You block the hobgoblin's attack.
Something hits you. You block the hobgoblin's attack.
You miss something. You barely miss the hobgoblin.
The hobgoblin hits you with a club. Something hits you!
* * * LOW HITPOINT WARNING * * *
You closely miss something. You hit the hobgoblin.
The hobgoblin closely misses you. Something hits you.
* * * LOW HITPOINT WARNING * * *
You miss something. You headbutt something. You hit the hobgoblin.
You kill the hobgoblin!
Something hits you!
You die...

#...........#..#.. ## #..[....#
#.................... #.#######
...................># #.#
#########........(#.# #.#
#####...(.#.# #.# #.......# #.#
#......)###.# #....)....#.# ##
#...@.#...#.# ## #.....#...#.# ##
#.....##..#.# ## #######...#.#
ยง############### #...#.#
###............## #...#.#
##########......# #.#.#.#########
###'....##......# #......)......#
.>#####.##......#####..########.#


There were no monsters in sight!

Vanquished Creatures
  Ijyb (D:2)
  3 gnolls (D:2)
  An ooze (D:1)
  A dart slug (D:1)
  A leopard gecko (D:2)
  6 bats
  4 giant cockroaches
  4 hobgoblins
  5 jackals
  7 kobolds
  2 ball pythons
  A frilled lizard (D:2)
  6 rats (D:1)
42 creatures vanquished.

Notes
Turn   | Place    | Note
-------+----------+-------------------------------------------
     0 | D:1      | Danakh the Minotaur Fighter began the quest for the Orb.
     0 | D:1      | Reached XP level 1. HP: 19/19 MP: 0/0
   185 | D:1      | Reached XP level 2. HP: 22/27 MP: 1/1
   625 | D:1      | Reached XP level 3. HP: 33/33 MP: 2/2
   945 | D:2      | Reached XP level 4. HP: 40/40 MP: 3/3
   989 | D:2      | Found a sparkling altar of Nemelex Xobeh.
  1034 | D:2      | Noticed Ijyb
  1041 | D:2      | Killed Ijyb
  1064 | D:2      | Found a bloodstained altar of Trog.
  1226 | D:2      | Noticed Sigmund
  1236 | D:2      | Slain by Sigmund

Skill      XL: |  1  2  3 |
---------------+----------+-----
Armour         | 4 |  4.4
Fighting       | 4 |  4.4
Shields        | 4 |  4.3
Axes           | 3 |  3.8

Action                   |  1- 3 |  4- 6 || total
-------------------------+-------+-------++-------
Melee: War axe           |    69 |    35 ||   104
       Headbutt          |    10 |     2 ||    12
Armor: Scale mail        |    29 |    13 ||    42
Dodge: Dodged            |    14 |    12 ||    26
Block: Shield            |    34 |    24 ||    58
